 Dungeon Crawl Stone Soup version 0.30-a0-122-g2a1322497e (webtiles) character file.

Game seed: 16225260349071809881

8 NinjaNoafa the Cutter (level 2, 20/20 HPs)
             Began as a Palentonga Wanderer on Sept 16, 2022.
             Quit the game on level 1 of the Dungeon.
             The game lasted 00:00:58 (242 turns).

NinjaNoafa the Cutter (Palentonga Wanderer)          Turns: 242, Time: 00:00:59

Health: 20/20      AC:  5    Str: 15    XL:     2   Next: 0%
Magic:  5/5        EV:  9    Int: 10    God:
Gold:   32         SH:  0    Dex: 13    Spells: 4/5 levels left

rFire   . . .      SeeInvis +    a - +2 short sword
rCold   . . .      Faith    .    (no shield)
rNeg    . . .      Spirit   .    d - +0 leather armour
rPois   .          Reflect  .    (no helmet)
rElec   .          Harm     .    b - +0 cloak
rCorr   .          Rampage  .    (no gloves)
Will    .....                    (no barding)
Stlth   +.........               (no amulet)
HPRegen 0.06/turn                (no ring)
MPRegen 0.09/turn                (no ring)

@: no status effects
A: large, rugged brown scales 3, see invisible, deformed body, roll 1, armoured
tail
a: Rolling Charge


You were on level 1 of the Dungeon.
You visited 1 branch of the dungeon, and saw 1 of its levels.

You collected 32 gold pieces.

Inventory:

Hand Weapons
 a - a +2 short sword (weapon)
Armour
 b - a +0 cloak (worn)
 d - a +0 leather armour (worn)
Scrolls
 c - a scroll of blinking
 e - a scroll of noise {unknown}
 g - a scroll of enchant weapon {unknown}
Potions
 f - a potion of lignification {unknown}


   Skills:
 - Level 4.0 Short Blades
 - Level 1.0 Dodging
 - Level 2.0 Spellcasting
 + Level 2.7 Translocations
 - Level 1.0 Evocations


You had 4 spell levels left.
You knew the following spells:

 Your Spells              Type           Power      Damage    Failure   Level
a - Apportation           Tloc           12%        N/A       12%         1

Your spell library contained the following spells:

 Spells                   Type           Power      Damage    Failure   Level
 Portal Projectile        Hex/Tloc       6%         N/A       54%         3


Dungeon Overview and Level Annotations

Branches:
Dungeon (1/15)

Altars:


Innate Abilities, Weirdness & Mutations

You are completely covered in rugged brown scales. (AC +3, +7% HP)
You have supernaturally acute eyesight. (SInv)
Armour fits poorly on your strangely shaped body.
You can roll at nearby foes to attack.
You have a long armoured tail.


Message History

You closely miss the jackal.
The jackal is lightly wounded.
The jackal bites you. The jackal barely misses you.
The jackal bites you but does no damage.
The jackal barely misses you.
You barely miss the jackal.
The jackal is lightly wounded.
The jackal bites you.
You hit the jackal.
You kill the jackal!
You see here a jackal corpse.
HP restored.
You see here a jackal corpse.
g - a scroll labelled HOCUIK ABUPH You now have 22 gold pieces (gained 8).
A kobold comes into view. It is wielding a +0 short sword.
The kobold shouts!
A kobold is nearby!
You roll forward with a clatter of scales!
You hit the kobold.
You kill the kobold!
Things that are here:
a +0 short sword; a kobold corpse
Found a ring mail and a dagger.
A giant cockroach comes into view.
Found 25 gold pieces.
You roll forward with a clatter of scales!
You barely miss the giant cockroach.
The giant cockroach bites you but does no damage.
You hit the giant cockroach but do no damage.
Your tail-slap misses the giant cockroach.
The giant cockroach barely misses you.
You hit the giant cockroach. You tail-slap the giant cockroach.
You kill the giant cockroach!
You have reached level 2!
Found a mace.
You now have 32 gold pieces (gained 10).
A bat comes into view.
Are you sure you want to abandon this character and quit the game? (Confirm with "yes".)

.....#.#.#.#.#.#.#.#
##......#.#...........#
.......#.#...###..###
.......#.###.....#
#...b.:#.....#####
......#####.# ...# #.#
##.######.# #.@.......#
#.........# #..#####..#
#..#$??#..# #..#?$?#..#
#..#)$[#..# #..#####..#
#.........# #.....)...#


You could see a bat.

Vanquished Creatures
  A giant cockroach (D:1)
  4 jackals (D:1)
  A kobold (D:1)
6 creatures vanquished.

Notes
Turn   | Place    | Note
-------+----------+-------------------------------------------
     0 | D:1      | NinjaNoafa the Palentonga Wanderer began the quest for the
                  | Orb.
     0 | D:1      | NinjaNoafa set off with the following items: a +2 short
                  | sword, a +0 cloak, a scroll of blinking, a +0 leather
                  | armour; and the following spell memorised: Apportation; and
                  | the following spells available to memorise: Portal
                  | Projectile.
     0 | D:1      | Reached XP level 1. HP: 13/13 MP: 3/3
   235 | D:1      | Reached XP level 2. HP: 20/20 MP: 5/5
   242 | D:1      | Quit the game

Illustrated notes

Levels and vault maps discovered:
D:1:      eino_arrival_water_star, layout_basic, serial_co_window_serial,
          co_window_of_opportunity_a, co_window_corner_a, co_window_paths_a,
          co_window_cross_1, co_window_corner_a, co_window_corner_ca,
          co_window_corner_ca, co_window_2corner, co_window_corner_b,
          co_window_corner_cb, glass_columns_b, glass_columns_c,
          dreamdust_princess_corridor, due_unseen_surprise

Action                   || total
-------------------------++-------
Melee: Short sword       ||    13
       Tailslap          ||     1
 Cast: Apportation       ||     4
 Abil: Rolling Charge    ||     4
Armor: Leather armour    ||     5
Dodge: Dodged            ||     7

Table legend: (Time is in decaauts)
 A = Elapsed time spent in this place.
 B = Non-inter-level travel time spent in this place.
 C = Inter-level travel time spent in this place.
 D = Time resting spent in this place.
 E = Time spent auto-exploring this place.
 F = Levels seen in this place.
 G = Mean time per level.
                   A        B        C        D        E       F      G
               +--------+--------+--------+--------+--------+-----+--------+
         Total |    240 |    240 |      0 |      0 |    185 |   1 |  240.0 |
       Dungeon |    240 |    240 |      0 |      0 |    185 |   1 |  240.0 |
               +--------+--------+--------+--------+--------+-----+--------+

Top non-repeatable levels by time:
     D:1: 240 daAuts
